[Event "Polish Youth G16 Championship 2023"]
[Site "Jastrzebia Gora"]
[Date "2023.03.18"]
[Round "8.21"]
[White "Racis, Dominika"]
[Black "Ekner, Maria"]
[Result "1-0"]
[ECO "D30"]
[WhiteElo "1201"]
[BlackElo "1337"]
[Annotator "NA RC COMBH"]
[PlyCount "77"]
[EventDate "2023.03.11"]
[EventType "swiss"]
[EventCountry "POL"]
[SourceTitle "playchess.com"]
[Source "ChessBase"]
[SourceQuality "1"]
[TimeControl "40/5400+30:1800+30"]

1. d4 d5 2. c4 e6 3. cxd5 exd5 4. Nf3 Nf6 5. Bg5 Nc6 6. a3 Be7 7. e3 Bg4 8. Bd3 O-O 9. Bxf6 Bxf6 10. Nc3 Re8 11. O-O Nb8 12. Qb3 Bxf3 13. gxf3 b6 14. Qxd5 Nd7 15. Qf5 g6 16. Qg4 Bg7 17. Rac1 c5 18. dxc5 Ne5 19. Qg2 Qxd3 20. cxb6 axb6 21. Rfd1 Qf5 22. f4 Nc4 23. Rd5 Qe6 24. Rb5 Rab8 25. f5 Qd7 26. Rd1 Qb7 27. Nd5 Bxb2 28. Rxb2 Nxb2 29. Nf6+ Kf8 30. Nxh7+ Kg7 31. Qh3 Rh8 32. fxg6 Nxd1 33. Qf5 fxg6 34. Qf6+ Kxh7 35. Qh4+ Kg8 36. Qf4 Rf8 37. Qd6 Qf7 38. f3 Qxf3 39. Qxg6# 1-0

[Event "Polish Youth G16 Championship 2023"]
[Site "Jastrzebia Gora"]
[Date "2023.03.18"]
[Round "8.22"]
[White "Butkiewicz, Hanna"]
[Black "Lach, Alicja"]
[Result "1-0"]
[ECO "B34"]
[WhiteElo "1120"]
[BlackElo "1231"]
[Annotator "NA RC COMBH"]
[PlyCount "63"]
[EventDate "2023.03.11"]
[EventType "swiss"]
[EventCountry "POL"]
[SourceTitle "playchess.com"]
[Source "ChessBase"]
[SourceQuality "1"]
[TimeControl "40/5400+30:1800+30"]

1. e4 c5 2. Nf3 Nc6 3. d4 cxd4 4. Nxd4 g6 5. Nc3 Bg7 6. Nxc6 bxc6 7. Bd3 d6 8. O-O Nf6 9. Kh1 O-O 10. h3 Be6 11. f4 d5 12. Qf3 d4 13. Ne2 c5 14. b3 Rc8 15. c3 dxc3 16. Nxc3 c4 17. bxc4 Bxc4 18. Bxc4 Rxc4 19. e5 Nd7 20. Rd1 Qc8 21. Qd3 Nb6 22. Ne2 Qc7 23. Ba3 Qb7 24. Rab1 Rfc8 25. Rdc1 Rxc1+ 26. Bxc1 e6 27. Be3 Qc7 28. Qa6 Qc2 29. Rc1 Qe4 30. Rxc8+ Nxc8 31. Qxc8+ Bf8 32. Bc5 1-0

[Event "Polish Youth G16 Championship 2023"]
[Site "Jastrzebia Gora"]
[Date "2023.03.19"]
[Round "9.1"]
[White "Szczotka, Klara"]
[Black "Tokarz, Izabela"]
[Result "1/2-1/2"]
[ECO "D31"]
[WhiteElo "1739"]
[BlackElo "1725"]
[Annotator "NA RC COMBH"]
[PlyCount "87"]
[EventDate "2023.03.11"]
[EventType "swiss"]
[EventCountry "POL"]
[SourceTitle "playchess.com"]
[Source "ChessBase"]
[SourceQuality "1"]
[TimeControl "40/5400+30:1800+30"]

1. d4 d5 2. c4 e6 3. Nc3 a6 4. cxd5 exd5 5. Bf4 Nf6 6. e3 Bd6 7. Bxd6 Qxd6 8. Bd3 O-O 9. h3 Be6 10. Nf3 h6 11. O-O Nbd7 12. Rc1 Rfc8 13. Re1 Rab8 14. Na4 Ne4 15. Qc2 c5 16. Bxe4 dxe4 17. Qxe4 Bxa2 18. Nc3 Bb3 19. Nd2 cxd4 20. Qxd4 Qxd4 21. exd4 Be6 22. d5 Bf5 23. g4 Bg6 24. Re7 Nf6 25. Rd1 Rd8 26. Nf3 Rd6 27. Ne5 b5 28. Nxg6 fxg6 29. Re6 Rbd8 30. Rxd6 Rxd6 31. b4 g5 32. Kf1 Kf7 33. Ke2 Ke7 34. Ke3 Rd8 35. Ra1 Nxd5+ 36. Nxd5+ Rxd5 37. Rxa6 Rd1 38. Rb6 Rh1 39. Rxb5 Rxh3+ 40. Ke4 Rb3 41. Rb7+ Ke6 42. b5 Rb4+ 43. Kf3 Rb3+ 44. Ke4 1/2-1/2

[Event "Polish Youth G16 Championship 2023"]
[Site "Jastrzebia Gora"]
[Date "2023.03.19"]
[Round "9.2"]
[White "Kawa, Anna"]
[Black "Seemann, Pola"]
[Result "1/2-1/2"]
[ECO "B13"]
[WhiteElo "1743"]
[BlackElo "1714"]
[Annotator "NA RC COMBH"]
[PlyCount "128"]
[EventDate "2023.03.11"]
[EventType "swiss"]
[EventCountry "POL"]
[SourceTitle "playchess.com"]
[Source "ChessBase"]
[SourceQuality "1"]
[TimeControl "40/5400+30:1800+30"]

1. e4 c6 2. d4 d5 3. exd5 cxd5 4. Bd3 Nc6 5. c3 Qc7 6. h3 Nf6 7. Nf3 g6 8. Be3 Bf5 9. O-O Bxd3 10. Qxd3 Bg7 11. Nbd2 O-O 12. Rfe1 Rab8 13. a4 a6 14. Ne5 Nd7 15. Nxd7 Qxd7 16. Bf4 Rbc8 17. Nb3 e6 18. Nc5 Qe7 19. b4 a5 20. b5 b6 21. Qg3 e5 22. bxc6 exf4 23. Qxf4 Qc7 24. Qxc7 Rxc7 25. Nd7 Rd8 26. Nxb6 Rxc6 27. Rab1 Rxc3 28. Rb5 Bxd4 29. Nxd5 Rc5 30. Rxc5 Bxc5 31. Rd1 Kg7 32. Kf1 f5 33. f3 Kf7 34. Ke2 Rd6 35. g4 fxg4 36. fxg4 Ke6 37. Nc7+ Kd7 38. Nb5 Rxd1 39. Kxd1 Ke6 40. Ke2 Ke5 41. Nc7 Bd6 42. Nb5 Be7 43. Na7 Kd5 44. Kd3 Bc5 45. Nb5 Ke5 46. Nc7 Bb6 47. Na8 Ba7 48. Nc7 Kf4 49. Ne6+ Kg3 50. g5 Kxh3 51. Nf8 Bc5 52. Nxh7 Kg4 53. Kc4 Bb4 54. Kb5 Kf5 55. Ka6 Bd2 56. Kb5 Ke6 57. Nf8+ Kf5 58. Nh7 Bb4 59. Ka6 Ke6 60. Kb5 Ke7 61. Nf6 Ke6 62. Nh7 Bc3 63. Nf8+ Kf5 64. Nh7 Bb4 1/2-1/2

[Event "Polish Youth G16 Championship 2023"]
[Site "Jastrzebia Gora"]
[Date "2023.03.19"]
[Round "9.3"]
[White "Bar, Klaudia"]
[Black "Siekanska, Maria"]
[Result "0-1"]
[ECO "B93"]
[WhiteElo "1731"]
[BlackElo "1996"]
[Annotator "TA"]
[PlyCount "70"]
[EventDate "2023.03.11"]
[EventType "swiss"]
[EventCountry "POL"]
[SourceTitle "playchess.com"]
[Source "ChessBase"]
[SourceQuality "1"]
[TimeControl "40/5400+30:1800+30"]

1. e4 c5 2. Nf3 d6 3. d4 cxd4 4. Nxd4 Nf6 5. Nc3 a6 6. f4 e6 7. Qf3 Qb6 8. Nb3 (8. a3 $5) 8... Nbd7 {[%emt 0:00:45] B82: Sicilian Scheveningen: 6 f4.} 9. Be3 (9. g4 $16) 9... Qc7 $1 $11 10. g4 {[%emt 0:00:22][%cal Bg2g4,Bg4g5][%mdl 32] Strongly threatening g5.} Nb6 (10... b5 $14) 11. g5 $16 Nfd7 12. O-O-O {[%emt 0:08:50] [#]} Nc4 $146 ({Predecessor:} 12... Be7 13. Bd3 Nc4 14. Bd4 O-O 15. Qh5 Re8 16. f5 Nde5 17. f6 g6 18. Qe2 Bf8 {1-0 Barthel,A (2185)-Feldmann,H (2110) Ruhrgebiet VL1 9798 1997}) 13. Bxc4 Qxc4 14. Rd4 (14. Qh3 $142) 14... Qc6 15. Rhd1 b6 {[%emt 0:20:22] Prevents Na5.} (15... b5 $142) 16. Qe2 b5 (16... Be7 $16 {was called for.}) 17. Bf2 (17. Nd5 $1 $18 {has better winning chances. Hoping for Na5.} Bb7 18. Bd2) 17... e5 $2 (17... Be7 $16) 18. R4d2 exf4 (18... Be7 {was worth a try.} 19. Kb1 Qc4) 19. Nd5 $18 {[%emt 0:00:51] Black must now prevent Na5.} Bb7 20. Nd4 {[%emt 0:06:30] A dynamic duo of knights.} (20. Nxf4 Ne5 $16) (20. Na5 Qc8 21. Bd4 (21. Nxf4 Be7 $16) 21... h6 $18) (20. Rd3 $142) 20... Qc8 $2 (20... Qc4) 21. Nf5 (21. Nxf4 Ne5 $16) 21... Bxd5 22. Rxd5 {[%emt 0:01:24] e5 is the strong threat.} (22. exd5+ Ne5 23. Qe4 g6 $11) 22... Ne5 23. Nxd6+ $2 (23. Bc5 $18 Nc6 24. Bxd6) 23... Bxd6 $11 24. Rxd6 {[%emt 0:00:05] Threatens to win with R6d5.} O-O $1 25. R6d5 (25. Bd4 $5 Ng6 26. Qf3 $11) 25... Re8 26. Qd2 Qg4 27. Qc3 {[%emt 0:06:21] [#]} (27. Bd4 $15 Ng6 28. Bc5) 27... f3 28. Qe3 (28. Bg3 $1 $11 Ng6 29. Rf5) 28... Nc4 29. Qd4 Qf4+ $1 (29... Rxe4 $2 30. Rd8+ Re8 31. Rxe8+ Rxe8 32. Qxg4 $18) ({Don't take} 29... Qxe4 30. Qxe4 Rxe4 31. b3 $11) 30. Kb1 Rac8 $1 $36 {[%emt 0:01:39][%mdl 2048] Black fights for an advantage.} ({Don't play} 30... Qxe4 31. Qxe4 Rxe4 32. b3 $14) ({Much less strong is} 30... Qxh2 31. Be1 $16) 31. Re1 ({Better is} 31. Bg3 $15 Qxe4 32. Qxe4 Rxe4 33. Rd8+ Re8 34. Rxc8 Rxc8 35. Rd3) 31... Qxh2 $17 {[%emt 0:00:35] Black is much more active.} 32. e5 {[%emt 0:00:25][%cal Oe5e6] [#]} Qh3 {[%emt 0:02:31] Repels e6} (32... Qh5 $1 $19 33. a3 Qg6) 33. Qf4 (33. e6 $1 $11 fxe6 34. Rd7) 33... Qe6 (33... h5 $17 {...Qg2 would be deadly.} 34. gxh6 Qxh6 35. Qxh6 gxh6) 34. Qxf3 $15 Rcd8 35. Rc5 (35. Rxd8 $17 Rxd8 36. Rd1) 35... Nd2+ {[%emt 0:00:02] Weighted Error Value: White=0.78/Black=0.57} 0-1

[Event "Polish Youth G16 Championship 2023"]
[Site "Jastrzebia Gora"]
[Date "2023.03.19"]
[Round "9.4"]
[White "Pawicka, Magdalena"]
[Black "Smietanska, Wiktoria"]
[Result "0-1"]
[ECO "B94"]
[WhiteElo "1805"]
[BlackElo "1954"]
[Annotator "TA"]
[PlyCount "89"]
[EventDate "2023.03.11"]
[EventType "swiss"]
[EventCountry "POL"]
[SourceTitle "playchess.com"]
[Source "ChessBase"]
[SourceQuality "1"]
[TimeControl "40/5400+30:1800+30"]

1. e4 c5 2. Nf3 d6 3. d4 cxd4 4. Nxd4 Nf6 5. Nc3 a6 6. Bg5 Nbd7 7. Qe2 {[%emt 0:02:27] B94: Sicilian Najdorf: 6 Bg5 Nbd7.} Qc7 8. f4 e5 {[%emt 0:06:00] 8...e6 is the hot move.} 9. Nf5 {[%emt 0:13:27] The position is equal.} h6 10. Bxf6 Nxf6 11. Ne3 {[%emt 0:02:42] Prevents d5 has lost popularity (11.0-0-0).} exf4 12. Ned5 Nxd5 13. Nxd5 Qc5 {[%emt 0:13:01] [#]} 14. Rd1 $146 (14. b4 $11 Qc6 15. Qc4 Qxc4 16. Bxc4) ({Predecessor:} 14. b4 Qc6 15. Qf2 Be6 16. b5 Qc8 17. Bd3 Bxd5 18. exd5 Qc3+ 19. Ke2 Be7 20. Qxf4 {0-1 Shubin,D (2120)-Rabatin,J (2349) Pardubice Czech op-A 33rd 2022 (1)}) 14... Be7 15. Rd3 (15. Qf2 $11 Bd8 16. Qxc5 dxc5 17. Nxf4) 15... Bh4+ 16. g3 fxg3 17. hxg3 Bd8 18. b4 (18. Rh5 $142) 18... Qc4 $17 19. e5 O-O $1 (19... Qxa2 20. exd6+ Kf8 21. Bg2 $18) (19... Bg4 20. Qe3 $15) 20. exd6 Bg4 ({Stronger than} 20... Qxa2 21. Bg2 $15 (21. Ne7+ Bxe7 22. dxe7 Re8 $17)) 21. Qd2 (21. Qe3 $17) 21... Qe4+ $19 ({Weaker is} 21... Qxa2 22. Kf2 $15) 22. Ne3 Qxh1 23. Nxg4 Bg5 24. Qg2 Rfe8+ (24... Rae8+ $19 25. Kf2 Qh5) 25. Kf2 $17 Qxg2+ 26. Bxg2 h5 27. Ne3 (27. Bxb7 $17 {keeps fighting.} Rab8 28. Bc6) 27... Bxe3+ 28. Rxe3 Rxe3 29. Kxe3 $19 {[%emt 0:00:02][%cal Oc2c4][%mdl 4096] Endgame KR-KB} Rd8 30. Bxb7 {[%emt 0:00:28] c4 would be deadly.} Rxd6 31. Bf3 g6 ({Black should try} 31... Rg6 $1 $19 32. c4 Kf8) 32. c4 Kf8 33. c5 {[%emt 0:00:28] [#]} Rd8 (33... Rf6 $1 $17 {Threatens to win with ...Ke7.} 34. a4 Ke7) 34. Bb7 $11 {[%emt 0:00:51][%cal Oc5c6] c6! is the strong threat.} Ke7 {[%emt 0:06:25] White must now prevent ...Rb8.} 35. Bxa6 Ra8 36. b5 {[%emt 0:00:28][%cal Ob5b6] Hoping for b6!} Kd7 37. Kd4 {[%emt 0:00:44] And now Kd5 would win.} g5 {[%emt 0:03:06][%cal Bg6g5,Bg5h4,Bh4h3,Bh3h2][%mdl 32] aiming for ...h4.} 38. Kd5 $2 (38. Bb7 $1 $11 {and White has nothing to worry.} Ra4+ 39. Kd5) 38... h4 $19 39. gxh4 gxh4 40. c6+ $2 (40. Bb7 $19 Ra7 41. Ke4 (41. Bc6+ $2 Kc8 $19)) 40... Kc7 {[%emt 0:00:00] Black mates.} 41. Kc5 Rb8 42. a4 {[%emt 0:01:50] [#]} h3 $1 43. a5 {[%emt 0:01:08] [#]} Rxb5+ $3 {[%emt 0:01:04][%mdl 576] Promotion} 44. Bxb5 h2 45. Kd4 {A cool game by Smietanska.   Weighted Error Value: White=0.43/Black=0.23 (precise)} 0-1

[Event "Polish Youth G16 Championship 2023"]
[Site "Jastrzebia Gora"]
[Date "2023.03.19"]
[Round "9.5"]
[White "Oborska, Magda"]
[Black "Ziobrowska, Maja"]
[Result "1/2-1/2"]
[ECO "C68"]
[WhiteElo "1613"]
[BlackElo "1758"]
[Annotator "NA RC COMBH"]
[PlyCount "93"]
[EventDate "2023.03.11"]
[EventType "swiss"]
[EventCountry "POL"]
[SourceTitle "playchess.com"]
[Source "ChessBase"]
[SourceQuality "1"]
[TimeControl "40/5400+30:1800+30"]

1. e4 e5 2. Nf3 Nc6 3. Bb5 a6 4. Bxc6 dxc6 5. d3 Bd6 6. h3 Ne7 7. Nbd2 c5 8. Nc4 Nc6 9. c3 Be6 10. Be3 h6 11. Nxd6+ Qxd6 12. d4 cxd4 13. cxd4 exd4 14. Bxd4 Qb4+ 15. Qd2 Rd8 16. Qxb4 Nxb4 17. O-O f6 18. b3 Kf7 19. Bc3 Nd3 20. Rfd1 c5 21. Ba5 Rd7 22. Rd2 Nf4 23. Rad1 Rxd2 24. Rxd2 Rc8 25. Rc2 c4 26. Nd4 cxb3 27. Rxc8 Bxc8 28. Nxb3 Nd3 29. a3 Be6 30. Nd2 b5 31. Nb1 Nc5 32. Nc3 Bc4 33. f3 Nb7 34. Bb6 a5 35. Kf2 b4 36. axb4 axb4 37. Nd1 b3 38. Nb2 Bb5 39. g3 h5 40. h4 Ke6 41. Ke3 Nd6 42. Bc5 g5 43. Bb4 Nf7 44. Bc3 f5 45. hxg5 Nxg5 46. exf5+ Kxf5 47. g4+ 1/2-1/2

[Event "Polish Youth G16 Championship 2023"]
[Site "Jastrzebia Gora"]
[Date "2023.03.19"]
[Round "9.6"]
[White "Lazniewska, Zofia"]
[Black "Szopa, Emilia"]
[Result "0-1"]
[ECO "B17"]
[WhiteElo "1621"]
[BlackElo "1709"]
[Annotator "NA RC COMBH"]
[PlyCount "116"]
[EventDate "2023.03.11"]
[EventType "swiss"]
[EventCountry "POL"]
[SourceTitle "playchess.com"]
[Source "ChessBase"]
[SourceQuality "1"]
[TimeControl "40/5400+30:1800+30"]

1. e4 c6 2. d4 d5 3. Nc3 dxe4 4. Nxe4 Nd7 5. Nf3 Ngf6 6. Ng3 g6 7. Bd3 Bg7 8. O-O O-O 9. c3 Qc7 10. Re1 e6 11. Ne4 b6 12. Nxf6+ Bxf6 13. Bh6 Re8 14. Qd2 Bb7 15. Bf4 Qd8 16. Ne5 c5 17. Bb5 Nxe5 18. dxe5 Qxd2 19. Bxd2 Red8 20. Bf4 Be7 21. Rad1 a6 22. Ba4 Bd5 23. a3 b5 24. Bc2 Rab8 25. b3 a5 26. Rb1 Rb7 27. Red1 c4 28. bxc4 Bxc4 29. Rxd8+ Bxd8 30. a4 b4 31. cxb4 axb4 32. Bb3 Bxb3 33. Rxb3 Rd7 34. g3 Be7 35. Be3 Rd1+ 36. Kg2 Ra1 37. Bd4 Rxa4 38. Bb2 Kf8 39. f4 Ra2 40. Kf3 Ke8 41. Ke4 Kd7 42. Kd3 Kc6 43. h3 Kd5 44. g4 h6 45. Kc2 Kc4 46. Rf3 f5 47. gxf5 exf5 48. Rg3 g5 49. fxg5 hxg5 50. Rb3 Bc5 51. e6 Ra6 52. Rg3 Rxe6 53. Rxg5 Re2+ 54. Kb1 Be3 55. Rxf5 Kb3 56. Rf1 Rxb2+ 57. Ka1 Ra2+ 58. Kb1 Bd4 0-1

[Event "Polish Youth G16 Championship 2023"]
[Site "Jastrzebia Gora"]
[Date "2023.03.19"]
[Round "9.7"]
[White "Nieckarz, Maja"]
[Black "Salamon, Julia"]
[Result "1/2-1/2"]
[ECO "B40"]
[WhiteElo "1493"]
[BlackElo "1701"]
[Annotator "NA RC COMBH"]
[PlyCount "114"]
[EventDate "2023.03.11"]
[EventType "swiss"]
[EventCountry "POL"]
[SourceTitle "playchess.com"]
[Source "ChessBase"]
[SourceQuality "1"]
[TimeControl "40/5400+30:1800+30"]

1. e4 c5 2. Nf3 e6 3. d4 cxd4 4. Nxd4 Nf6 5. Nc3 Nc6 6. g3 Bb4 7. Bg2 O-O 8. O-O a6 9. Nxc6 dxc6 10. e5 Bxc3 11. bxc3 Nd7 12. Qd4 Qa5 13. f4 Rb8 14. Qb4 Qc7 15. c4 c5 16. Qc3 b5 17. Rd1 Bb7 18. Be3 Bxg2 19. Kxg2 b4 20. Qe1 Nb6 21. Qf1 Rfc8 22. Rd6 Qb7+ 23. Kg1 Qe4 24. Qd3 Qxd3 25. cxd3 a5 26. Rb1 Na4 27. Ra6 Nc3 28. Ra1 a4 29. Bd2 Rd8 30. Bxc3 bxc3 31. Rd6 Rxd6 32. exd6 c2 33. Kf2 Kf8 34. Rc1 Rb2 35. a3 Ra2 36. Ke2 Ke8 37. Kd2 Rxa3 38. Rxc2 Rb3 39. Ra2 Rb4 40. Kc3 Kd7 41. Rb2 a3 42. Ra2 Ra4 43. Kb3 Ra6 44. Rxa3 Rxa3+ 45. Kxa3 Kxd6 46. Ka4 e5 47. Kb5 exf4 48. gxf4 f6 49. h4 g6 50. d4 cxd4 51. c5+ Kc7 52. Kc4 Kc6 53. Kxd4 h6 54. Kc4 g5 55. hxg5 hxg5 56. fxg5 fxg5 57. Kd4 g4 1/2-1/2

[Event "Polish Youth G16 Championship 2023"]
[Site "Jastrzebia Gora"]
[Date "2023.03.19"]
[Round "9.8"]
[White "Kaczmarek, Paulina"]
[Black "Sprzeczka, Emilia"]
[Result "0-1"]
[ECO "B76"]
[WhiteElo "1317"]
[BlackElo "1887"]
[Annotator "NA RC COMBH"]
[PlyCount "70"]
[EventDate "2023.03.11"]
[EventType "swiss"]
[EventCountry "POL"]
[SourceTitle "playchess.com"]
[Source "ChessBase"]
[SourceQuality "1"]
[TimeControl "40/5400+30:1800+30"]

1. e4 c5 2. Nf3 d6 3. d4 cxd4 4. Nxd4 Nf6 5. Nc3 g6 6. Be3 Bg7 7. f3 O-O 8. Qd2 Nc6 9. g4 Be6 10. Nxe6 fxe6 11. O-O-O Ne5 12. Be2 Qc8 13. Bh6 Nc4 14. Bxc4 Qxc4 15. Bxg7 Kxg7 16. h4 b5 17. h5 Rh8 ({Black should play} 17... Rac8 $14) 18. g5 $2 (18. Kb1 $16 {stays on course.}) 18... Nxh5 19. Qe3 Rhc8 20. Rh2 a5 21. f4 $19 (21. e5 $17 d5 22. Qd4) 21... b4 22. Nb1 d5 23. exd5 Qxf4 24. Qxf4 Nxf4 25. d6 Ra7 26. Rd4 e5 27. Rd1 Rd7 28. dxe7 Rxe7 29. Rdh1 Kg8 30. Kd1 e4 31. c3 Rc5 32. Re1 e3 33. Nd2 bxc3 34. bxc3 Rxc3 35. Ree2 Rd7 0-1

[Event "Polish Youth G16 Championship 2023"]
[Site "Jastrzebia Gora"]
[Date "2023.03.19"]
[Round "9.10"]
[White "Makarec, Anna"]
[Black "Kulczycka, Zofia"]
[Result "1-0"]
[ECO "B26"]
[WhiteElo "1271"]
[BlackElo "1547"]
[Annotator "NA RC COMBH"]
[PlyCount "127"]
[EventDate "2023.03.11"]
[EventType "swiss"]
[EventCountry "POL"]
[SourceTitle "playchess.com"]
[Source "ChessBase"]
[SourceQuality "1"]
[TimeControl "40/5400+30:1800+30"]

1. e4 c5 2. Nc3 d6 3. g3 Nc6 4. Bg2 g6 5. Nge2 Bg7 6. d3 e5 7. O-O Nge7 8. Be3 O-O 9. Qd2 Nd4 10. f4 Rb8 11. h3 b5 12. g4 b4 13. Nd1 f5 14. gxf5 gxf5 15. Ng3 Be6 16. c3 bxc3 17. bxc3 Nb5 18. Nh5 Bh8 19. fxe5 Bxe5 20. d4 cxd4 21. cxd4 Bh8 22. a4 Nc7 23. Bh6 Rf7 24. Ra3 Ng6 25. d5 Bc8 26. Raf3 Qh4 27. Ng3 f4 28. Bxf4 Nxf4 29. Nf5 Bxf5 30. Rxf4 Qf6 31. Rxf5 Qd4+ 32. Qe3 Rxf5 33. exf5 Nxd5 34. Qf2 Nf4 35. Kh1 Qxf2 36. Nxf2 Nxg2 37. Kxg2 Rb4 38. a5 Ra4 39. Rd1 Be5 40. Rd5 Ra2 41. Kf3 Ra3+ 42. Ke2 Ra4 43. Ng4 Ra2+ 44. Kd3 Ra3+ 45. Kc4 Bf4 46. h4 a6 47. Nf6+ Kf7 48. Nxh7 Rh3 49. Ng5+ Bxg5 50. hxg5 Rh4+ 51. Rd4 Rh5 52. Rg4 Rh8 53. Kd5 Rd8 54. Rc4 Ke7 55. Rc7+ Kf8 56. Rc6 Rb8 57. Kxd6 Rb5 58. Rc5 Rb2 59. Ke6 Re2+ 60. Kf6 Re8 61. Rc6 Ra8 62. g6 Kg8 63. Kg5 Kf8 64. f6 1-0

[Event "Polish Youth G16 Championship 2023"]
[Site "Jastrzebia Gora"]
[Date "2023.03.19"]
[Round "9.11"]
[White "Biniak, Zuzanna"]
[Black "Zielinska, Aleksandra"]
[Result "1-0"]
[ECO "B50"]
[WhiteElo "1457"]
[BlackElo "1613"]
[Annotator "NA RC COMBH"]
[PlyCount "91"]
[EventDate "2023.03.11"]
[EventType "swiss"]
[EventCountry "POL"]
[SourceTitle "playchess.com"]
[Source "ChessBase"]
[SourceQuality "1"]
[TimeControl "40/5400+30:1800+30"]

1. e4 c5 2. Nf3 d6 3. d3 g6 4. g3 Bg7 5. Bg2 Nc6 6. c3 Nf6 7. O-O O-O 8. Nbd2 e5 9. a3 b5 10. b4 a5 11. bxa5 Rxa5 12. c4 b4 13. Nb3 Ra8 14. axb4 Rxa1 15. Nxa1 Nxb4 16. Nc2 Nxc2 17. Qxc2 Bd7 18. Bd2 Qc8 19. Rb1 Nh5 20. Nh4 Bf6 21. Nf3 Be7 22. Qb3 f5 23. exf5 Bxf5 24. Bg5 Re8 25. Bxe7 Rxe7 26. Nh4 Be6 27. Qb6 Rd7 28. Bc6 Rf7 29. Ra1 Qc7 30. Ra8+ Kg7 31. Qxc7 Rxc7 32. Bb5 d5 33. Nf3 dxc4 34. dxc4 Kf6 35. Rf8+ Rf7 36. Rxf7+ Bxf7 37. Nd2 Kf5 38. Bd7+ Be6 39. g4+ Kxg4 40. Bxe6+ Kf4 41. Nb3 Nf6 42. Nxc5 e4 43. Nd7 Nxd7 44. Bxd7 h6 45. c5 Ke5 46. c6 1-0

[Event "Polish Youth G16 Championship 2023"]
[Site "Jastrzebia Gora"]
[Date "2023.03.19"]
[Round "9.12"]
[White "Giemza, Julia"]
[Black "Romejko, Jagoda"]
[Result "1-0"]
[ECO "B01"]
[WhiteElo "1536"]
[BlackElo "1483"]
[Annotator "NA RC COMBH"]
[PlyCount "71"]
[EventDate "2023.03.11"]
[EventType "swiss"]
[EventCountry "POL"]
[SourceTitle "playchess.com"]
[Source "ChessBase"]
[SourceQuality "1"]
[TimeControl "40/5400+30:1800+30"]

1. e4 d5 2. exd5 Qxd5 3. Nc3 Qd8 4. d4 Nf6 5. Bc4 c6 6. Nf3 Bf5 7. O-O e6 8. h3 Be7 9. Re1 O-O 10. Nh4 Bg6 11. Nxg6 hxg6 12. Ne2 Nbd7 13. Ng3 Nd5 14. Qf3 N7f6 15. c3 Rc8 16. Bb3 b5 17. Bd2 c5 18. dxc5 Bxc5 19. Rad1 Qb6 20. h4 Rfd8 21. Bg5 Re8 22. Re2 Bd6 23. Rd3 a5 24. Ne4 Nxe4 25. Qxe4 Ne7 26. g4 Bb8 27. h5 gxh5 28. Rh3 h4 29. Bxe7 Rxe7 30. Rxh4 g6 31. Qh1 Ree8 32. Rh8+ Kg7 33. Qh6+ Kf6 34. Qh4+ Kg7 35. Rh7+ Kf8 36. Qf6 1-0

[Event "Polish Youth G16 Championship 2023"]
[Site "Jastrzebia Gora"]
[Date "2023.03.19"]
[Round "9.13"]
[White "Dura, Anna"]
[Black "Pastuszko, Katarzyna"]
[Result "1-0"]
[ECO "D32"]
[WhiteElo "1186"]
[BlackElo "1286"]
[Annotator "NA RC COMBH"]
[PlyCount "87"]
[EventDate "2023.03.11"]
[EventType "swiss"]
[EventCountry "POL"]
[SourceTitle "playchess.com"]
[Source "ChessBase"]
[SourceQuality "1"]
[TimeControl "40/5400+30:1800+30"]

1. d4 d5 2. c4 e6 3. Nc3 c5 4. e3 Nc6 5. cxd5 exd5 6. dxc5 Nf6 7. Nf3 Bxc5 8. Be2 O-O 9. O-O Be6 10. b3 h6 11. Bb2 Qe7 12. Na4 Bd6 13. Nd4 Rad8 14. Rc1 Ne5 15. Nb5 a6 16. Nxd6 Qxd6 17. Nc5 Neg4 18. g3 Rc8 19. Qd4 h5 20. Nxb7 Qb8 21. Nc5 Qd6 22. Ne4 Qe7 23. Nxf6+ Nxf6 24. Qh4 Rfd8 25. Bxh5 Bf5 26. Bg4 Bxg4 27. Bxf6 Qxf6 28. Qxg4 Rxc1 29. Rxc1 Qb2 30. Rc8 Rxc8 31. Qxc8+ Kh7 32. Qf5+ Kg8 33. Qxd5 Qxa2 34. Qc4 a5 35. h4 Qb1+ 36. Kg2 Qa2 37. Qa4 Qb2 38. Qe8+ Kh7 39. Qxf7 Qa2 40. h5 Qa3 41. Qg6+ Kg8 42. h6 Qb2 43. Qxg7+ Qxg7 44. hxg7 1-0

[Event "Polish Youth G16 Championship 2023"]
[Site "Jastrzebia Gora"]
[Date "2023.03.19"]
[Round "9.14"]
[White "Nowak, Zuzanna"]
[Black "Kicinska, Magdalena"]
[Result "1-0"]
[ECO "B10"]
[WhiteElo "1427"]
[BlackElo "1573"]
[Annotator "NA RC COMBH"]
[PlyCount "97"]
[EventDate "2023.03.11"]
[EventType "swiss"]
[EventCountry "POL"]
[SourceTitle "playchess.com"]
[Source "ChessBase"]
[SourceQuality "1"]
[TimeControl "40/5400+30:1800+30"]

1. e4 c6 2. c4 d5 3. exd5 cxd5 4. cxd5 Nf6 5. Nc3 Nxd5 6. Nf3 e6 7. Bb5+ Bd7 8. Qe2 Nxc3 9. dxc3 Bxb5 10. Qxb5+ Qd7 11. Qxd7+ Nxd7 12. Be3 Be7 13. O-O-O Nc5 14. Ne5 f6 15. Nc4 b6 16. Nd6+ Bxd6 17. Rxd6 Ke7 18. Bxc5 bxc5 19. Rhd1 Rhd8 20. Rc6 Rac8 21. Rxd8 Rxc6 22. Rg8 Kf7 23. Rb8 Rc7 24. c4 Kg6 25. Kc2 Kf5 26. Kc3 e5 27. Re8 g5 28. a3 h5 29. b4 h4 30. h3 g4 31. hxg4+ Kxg4 32. b5 Kf4 33. Rh8 Kg4 34. a4 f5 35. Rh6 e4 36. Rc6 Rg7 37. a5 Kf4 38. b6 axb6 39. axb6 Rb7 40. Kd2 Rg7 41. Rxc5 Rxg2 42. b7 e3+ 43. Kd3 exf2 44. b8=Q+ Kg4 45. Ke2 f4 46. Qc8+ Kg3 47. Rg5+ Kh2 48. Rxg2+ Kxg2 49. Qg4+ 1-0

[Event "Polish Youth G16 Championship 2023"]
[Site "Jastrzebia Gora"]
[Date "2023.03.19"]
[Round "9.15"]
[White "Michalska, Anna-Maria"]
[Black "Pietryk, Joanna"]
[Result "0-1"]
[ECO "A22"]
[WhiteElo "1417"]
[BlackElo "1488"]
[Annotator "NA RC COMBH"]
[PlyCount "66"]
[EventDate "2023.03.11"]
[EventType "swiss"]
[EventCountry "POL"]
[SourceTitle "playchess.com"]
[Source "ChessBase"]
[SourceQuality "1"]
[TimeControl "40/5400+30:1800+30"]

1. c4 e5 2. Nc3 Nf6 3. e4 Nc6 4. Nge2 Bc5 5. h3 d6 6. d3 h6 7. g3 Be6 8. Bg2 Qd7 9. a3 a5 10. Rb1 O-O 11. Nd5 Bxd5 12. cxd5 Nd4 13. Be3 Nxe2 14. Qxe2 Qb5 15. Bxc5 Qxc5 16. O-O Nd7 17. Kh2 Qd4 18. Rbc1 Nc5 19. Rfd1 Qa4 20. Qc2 Qb5 21. Bf1 Qb6 22. h4 Nb3 23. Rb1 Nd4 24. Qc3 f5 25. Kg2 fxe4 26. dxe4 Rf3 27. Rd3 Rxf2+ 28. Kh3 Raf8 29. Bg2 Rc2 30. Qe1 Rff2 31. Qd1 Rxg2 32. Qh5 Rh2+ 33. Kg4 Qb5 0-1